 Dungeon Crawl Stone Soup version 0.14-a0-3350-g14ab857 (webtiles) character file.

372926 Egon the Warrior (level 22, -29/112 (115) HPs)
             Began as a Felid Transmuter on Mar 13, 2014.
             Was the Champion of Nemelex Xobeh.
             Killed from afar by an ancient lich (44 damage)
             ... with an orb of energy
             ... on Level 1 of the Abyss on Mar 18, 2014.
             The game lasted 10:50:42 (98844 turns).

Egon the Warrior (Felid Transmuter)                Turns: 98844, Time: 10:50:42

HP -29/112 (115) AC  3     Str  9      XL: 22   Next:  1%
MP  34/37        EV 33     Int 18 (19) God: Nemelex Xobeh [******]
Gold 1123        SH  0     Dex 17      Spells:  4 memorised, 23 levels left
Lives: 0, deaths: 3

rFire  . . .     SeeInvis +       - Unarmed
rCold  + . .     Clarity  +     (armour unavailable)
rNeg   . . .     Conserve .     (shield unavailable)
rPois  .         rCorr    .     (helmet unavailable)
rElec  .         rRot     .     (cloak unavailable)
SustAb + .       Spirit   .     (gloves unavailable)
rMut   .         Warding  .     (boots unavailable)
Saprov . . .     Stasis   .     t - amulet of clarity
MR     +++..                    I - ring of sustain abilities
                                i - +0,+7 ring of slaying

@: invisible, flying, sage [Unarmed Combat, Spellcasting], very slightly
contaminated, very quick, extremely resistant to hostile enchantments,
incredibly stealthy
A: paw claws, no armour, no weapons or thrown items, fangs 3, see invisible,
blink 1, carnivore 3, dopey 1, speed 1, mutation resistance 1, shaggy fur 3,
slow metabolism 1, wild magic 1, jump 3
a: Jump Attack, Blink, Draw One, Peek at Two, Triple Draw, Deal Four, Stack
Five, Renounce Religion
}: 1/15 runes: barnacled


You were on level 1 of the Abyss.
You worshipped Nemelex Xobeh.
Nemelex Xobeh was exalted by your worship.
You were hungry.

You visited 8 branches of the dungeon, and saw 37 of its levels.
You visited the Abyss 1 time.
You visited 1 bazaar.
You also visited: Labyrinth and Ice Cave.

You collected 4348 gold pieces.
You spent 2662 gold pieces at shops.

Inventory:

Magical devices
 d - a wand of magic darts (14)
 h - a wand of digging (10)
 u - a wand of disintegration (7)
 F - a wand of flame (15) {unknown}
Comestibles
 a - 4 meat rations
Scrolls
 n - 2 scrolls of fear
 s - a scroll of recharging
 v - 3 scrolls of identify
 w - 3 scrolls of fog
Jewellery
 c - an uncursed ring of protection from cold
 i - a +0,+7 ring of slaying (left paw)
 k - a +5 ring of protection
 m - an uncursed ring of protection from magic
 q - an uncursed amulet of stasis
 r - an uncursed amulet of warding
 t - an amulet of clarity (around neck)
 z - an uncursed amulet of resist mutation
 B - an uncursed ring of protection from cold
 I - a ring of sustain abilities (right paw)
 K - an uncursed amulet of guardian spirit
 O - an uncursed ring of positive energy
 W - an uncursed ring of protection from fire
Potions
 E - a potion of agility
 H - a potion of curing
Miscellaneous
 b - a legendary deck of summonings {drawn: 1}
 e - a legendary deck of summonings {drawn: 11}
 f - an ornate deck of summonings {drawn: 8}
 g - a legendary deck of escape {drawn: 3}
 j - a legendary deck of destruction {drawn: 1}
 l - a legendary deck of escape {drawn: 1}
 o - a legendary deck of escape {drawn: 1}
 p - an ornate deck of escape {drawn: 6}
 x - a legendary deck of summonings {drawn: 1}
 y - a legendary deck of summonings {drawn: 1}
 A - a legendary deck of escape {drawn: 1}
 C - a legendary deck of summonings {drawn: 1}
 D - a plain deck of summonings {drawn: 1}
 J - a legendary deck of summonings
 T - a legendary deck of summonings {drawn: 1}
 U - a legendary deck of destruction {drawn: 1}
 V - a legendary deck of destruction {drawn: 1}


   Skills:
 + Level 20.6 Fighting
 + Level 18.3 Dodging
 + Level 20.3 Stealth
 + Level 19.9 Unarmed Combat
 - Level 6.5 Spellcasting
 - Level 2.0 Charms
 - Level 11.5 Transmutations
   Level 3.4 Invocations
 - Level 12.7 Evocations


You had 23 spell levels left.
You knew the following spells:

 Your Spells              Type           Power        Failure   Level  Hunger
a - Beastly Appendage     Trmt           ######       1%          1    None
b - Blade Hands           Trmt           ######....   7%          5    #####..
c - Passwall              Trmt/Erth      #####.....   9%          3    ##.....
e - Repel Missiles        Chrm/Air       ##....       22%         2    None


Dungeon Overview and Level Annotations

Branches:
Dungeon (15/15)            Temple (1/1) D:6             Orc (4/4) D:11
    Elf (0/3) Orc:4          Lair (8/8) D:8          Shoals (5/5) Lair:3
 Spider (1/5) Lair:3        Slime (0/6) Lair:8       Vaults (1/5) D:13
 Depths (2/5) D:15

Altars:
Ashenzari
Cheibriados
Dithmenos
Elyvilon
Fedhas
Kikubaaqudgha
Makhleb
Nemelex Xobeh
Okawaru
Sif Muna
Trog
Vehumet
Xom
Yredelemnul
Zin
The Shining One
Beogh

Shops:
D:9 ?   D:13 =   Orc:4 *=*=   Shoals:2 [

Portals:
Hell: Depths:1
Pandemonium: Depths:1
Trove: D:10 (give 19 potions of curing)


Innate Abilities, Weirdness & Mutations

You cannot wear armour.
You are incapable of wielding weapons or throwing items.
Your paws have sharp claws.
You have razor-sharp teeth.
You have supernaturally acute eyesight.
You are carnivorous and can eat meat at any time.
You cover ground quickly.
Your thick and shaggy fur keeps you warm (AC +3, rC+).
You have a slow metabolism.
You can jump attack at a long distance.
You can translocate small distances at will.
You are dopey. (Int -2)
You are somewhat resistant to further mutation.
Your spells are a little harder to cast, but a little more powerful.


Message History

Unknown command.
Use which ability? (? or * to list) Draw from which deck? (? for menu, Esc to quit)
You draw a card...
It is Flight.
You fly up into the air.
You feel quick.
You fade into invisibility!
The ancient lich points at you and mumbles some strange words.
The orb of energy hits the chaos spawn.
The chaos spawn dies!
The chaos spawn degenerates into a cloud of primal chaos!
The orb of energy explodes!
The mystic blast hits you!
* * * LOW HITPOINT WARNING * * *
The mystic blast hits the purple very ugly thing.
The purple very ugly thing dies!
The purple very ugly thing's corpse disappears in a puff of smoke!
You are very lightly contaminated with residual magic.
The ancient lich gestures at you while chanting.
The orb of energy hits the bone dragon.
The orb of energy explodes!
The mystic blast hits you!
You die...
Your body glows with a rainbow of weird colours and disappears.

## #...≈≈≈♣.##.
.# .
#..≈≈≈≈≈≈≈. #
###..≈≈≈.#..##
.
#.#..##L≈≈..#.#
. .
§....≈≈.#≈##
##.§≈♣≈.≈≈# #
###§D♣#≈.≈#
#.≈≈≈#5 .
###@≈# #≈≈≈≈.#
≈≈≈##..# ≈≈≈..
..# #.≈≈≈.# #
#≈≈≈≈## .≈≈≈≈≈
.#≈≈≈≈. ≈≈#


You could see a bone dragon and an ancient lich.

Vanquished Creatures
  2 ancient liches (Abyss:1)
  the Enchantress (Depths:1)
  A lich (Abyss:1)
  A titan (Shoals:1)
  A kraken (Shoals:5)
  The ghost of runewalsh the Imperceptible, a mighty OpWz of Nemelex Xobeh (Shoals:5)
  4 tentacled starspawn (Abyss:1)
  Kirke (Spider:1)
  A shadow dragon (Depths:2)
  Ilsuiw (Shoals:5)
  Donald (Shoals:1)
  Maud (Lair:6)
  2 emperor scorpions (Depths:1)
  An orc warlord (Orc:4)
  2 vault wardens (Vaults:1)
  An octopode crusher (Depths:1)
  6 stone giants
  3 spriggan defenders (D:15)
  A lorocyproca (Abyss:1)
  3 dire elephants
  A white draconian (Abyss:1)
  4 ettins
  5 merfolk javelineers
  Snorg (Orc:2)
  10 merfolk impalers
  A fire dragon (Depths:1)
  3 ironheart preservers (Vaults:1)
  3 sirens
  2 vault guards
  14 hydras
  3 yaktaur captains
  Fannar (Lair:7)
  A ravenous feature mimic (Shoals:3)
  3 ice dragons
  4 merfolk aquamancers
  3 spriggan air magi (Depths:1)
  Erica (D:10)
  3 alligator snapping turtles
  2 tengu warriors
  2 ogre magi
  A deep troll shaman (Lair:8)
  2 thrashing horrors (Abyss:1)
  5 orc high priests (Orc:4)
  A soul eater (Depths:1)
  29 death yaks
  2 deep trolls (Depths:1)
  3 very ugly things
  Nergalle (Lair:4)
  3 catoblepae
  A shock serpent (shapeshifter) (Depths:1)
  5 centaur warriors
  3 wretched stars (Abyss:1)
  An iron troll (Vaults:1)
  4 unseen horrors
  A deep elf knight (Vaults:1)
  3 giant orange brains
  6 skeletal warriors
  4 hell knights (Depths:1)
  5 large abominations (Abyss:1)
  10 sea snakes
  A spectral hydra (Depths:1)
  An orb spider (Spider:1)
  An unseen horror (shapeshifter) (D:14)
  3 water nymphs
  An ice statue (IceCv)
  An ironbrand convoker (Vaults:1)
  20 harpies
  7 hill giants
  2 wizards
  2 red wasps (Vaults:1)
  9 octopodes
  16 manticores
  5 orc knights
  4 wolf spiders
  3 necromancers
  2 worldbinders (Abyss:1)
  9 fauns
  2 oklob plants (Lair:8)
  17 griffons
  A phantasmal warrior (Depths:2)
  3 smoke demons (Abyss:1)
  5 orc sorcerers
  15 mermaids
  14 cyclopes
  19 elephants
  Maurice (D:9)
  A guardian serpent (shapeshifter) (Depths:1)
  3 vault sentinels (Vaults:1)
  12 vapours
  6 black mambas
  10 spiny frogs
  Psyche (D:8)
  5 starcursed masses (Abyss:1)
  3 ancient zymes (Abyss:1)
  11 yaktaurs
  4 fire drakes
  A hydra zombie (D:12)
  2 wandering mushrooms (D:8)
  A deep elf priest (Depths:1)
  A trapdoor spider (Spider:1)
  3 giant fireflies
  10 komodo dragons
  9 slime creatures
  31 merfolk
  6 raiju
  5 freezing wraiths
  5 wind drakes
  10 trolls
  A red wasp zombie (D:12)
  A hydra skeleton (D:13)
  2 jumping spiders
  7 snapping turtles
  19 blink frogs
  2 boggarts (Vaults:1)
  7 ravens
  5 two-headed ogres
  A boulder beetle (Vaults:1)
  A grizzly bear (Lair:8)
  3 spriggans
  6 basilisks
  6 shadows
  13 sharks
  4 flying skulls (Abyss:1)
  24 water elementals
  2 wyverns
  A redback (Vaults:1)
  4 deep elf magi
  A hog (Spider:1)
  A spectral octopode (Depths:2)
  4 wraiths
  2 ynoxinuls (Abyss:1)
  50 yaks
  Eustachio (D:7)
  A gargoyle (D:11)
  Grum (Orc:4)
  A wolf (shapeshifter) (D:13)
  An elephant slug (Lair:5)
  A deep elf fighter (Vaults:1)
  21 hippogriffs
  A hippogriff (shapeshifter) (D:15)
  27 ugly things
  20 water moccasins
  A human zombie (D:14)
  4 hungry ghosts
  11 vampire mosquitoes
  23 wargs
  7 small abominations (Abyss:1)
  A necrophage (D:7)
  22 wolves
  4 mottled dragons
  46 orc warriors
  An orange crystal statue (Depths:2)
  9 porcupines
  5 spiders (Spider:1)
  5 phantoms
  4 sky beasts
  A giant goldfish (Spider:1)
  8 hell hounds
  5 black bears
  A manticore zombie (D:12)
  5 yellow wasps
  A snapping turtle zombie (Abyss:1)
  A swamp drake (D:11)
  31 ogres
  A boring beetle (Lair:8)
  22 centaurs
  7 ice beasts
  An elf skeleton (D:14)
  5 crocodiles
  2 big kobolds
  5 giant slugs
  A brain worm (Abyss:1)
  13 giant frogs
  5 scorpions
  5 insubstantial wisps
  2 eyes of draining
  12 killer bees
  4 wights (D:8)
  A yak skeleton (D:9)
  6 goliath beetles
  A yellow wasp zombie (D:10)
  2 centaur zombies
  10 crimson imps
  A big fish (Lair:3)
  9 draconian simulacra (IceCv)
  15 hounds
  5 jellies
  5 quasits
  Crazy Yiuf (D:2)
  35 orc priests
  26 orc wizards
  A centaur skeleton (D:8)
  A giant frog skeleton (D:4)
  An iron imp (Abyss:1)
  A troll simulacrum (IceCv)
  A shapeshifter simulacrum (D:15)
  12 iguanas
  21 sheep
  A spriggan simulacrum (IceCv)
  10 worker ants
  4 centaur simulacra (IceCv)
  Jessica (D:2)
  A crocodile zombie (D:12)
  2 ogre simulacra (IceCv)
  28 adders
  3 gnolls (D:3)
  18 green rats
  3 naga simulacra (IceCv)
  A scorpion zombie (D:8)
  4 shadow imps
  9 white imps
  9 giant mites
  A worm (D:2)
  2 ufetubi (Abyss:1)
  2 orc zombies
  An adder zombie (D:9)
  8 giant eyeballs
  An ooze (D:3)
  277 orcs
  2 ball pythons (D:4)
  A bat skeleton (D:7)
  6 giant cockroaches
  29 goblins
  19 hobgoblins
  23 jackals
  34 bats
  10 giant geckos
  10 giant newts
  2 giant spores
  A gnoll zombie (D:7)
  A goblin skeleton (D:4)
  25 kobolds
  A kobold skeleton (D:4)
  11 quokkas
  A quokka skeleton (D:5)
  28 rats
  4 ballistomycetes
  2 butterflies (Shoals:5)
  A fungus (Lair:8)
  6 plants (Lair:6)
  4 starspawn tentacles (Abyss:1)
  2 tentacles (Shoals:5)
1783 creatures vanquished.

Vanquished Creatures (collateral kills)
  A merfolk javelineer (Shoals:4)
  A merfolk impaler (Shoals:5)
  2 vault guards
  A minotaur (Lab)
  An ettin (Depths:1)
  An ironheart preserver (Vaults:1)
  Harold (D:15)
  2 rakshasas
  2 deep troll earth magi (Depths:1)
  3 hydras
  5 death yaks
  A thrashing horror (Abyss:1)
  3 tengu warriors
  A catoblepas (Depths:1)
  A centaur warrior (D:15)
  An orc high priest (Orc:4)
  A deep elf knight (Vaults:1)
  A wretched star (Abyss:1)
  A very ugly thing (Depths:1)
  2 skeletal warriors (Vaults:1)
  2 sea snakes (Shoals:5)
  2 deep trolls
  4 orc knights
  Pikel (D:9)
  A water nymph (Shoals:4)
  5 harpies
  4 ironbrand convokers (Vaults:1)
  3 hill giants
  An orc sorcerer (D:15)
  5 red wasps
  A griffon (Shoals:2)
  5 manticores
  7 fauns
  4 cyclopes
  An oklob plant (Lair:8)
  The ghost of letownia the Gusty, an experienced NaAE (D:5)
  A wolf spider (Vaults:1)
  An elephant (D:8)
  2 black mambas
  A smoke demon (Abyss:1)
  5 mermaids
  An elephant (shapeshifter) (Vaults:1)
  4 octopodes (Shoals:2)
  5 spiny frogs
  A yaktaur (Vaults:1)
  A tengu conjurer (D:14)
  A kobold demonologist (D:11)
  6 freezing wraiths (IceCv)
  A komodo dragon (shapeshifter) (Vaults:1)
  An iron devil (Orc:4)
  13 merfolk
  2 giant fireflies
  A wind drake (Shoals:1)
  2 komodo dragons
  4 trolls
  A troll (shapeshifter) (Vaults:1)
  A boggart (Vaults:1)
  Prince Ribbit (D:6)
  4 slime creatures (D:12)
  3 ravens
  A two-headed ogre (Orc:4)
  A hydra skeleton (D:15)
  2 wandering mushrooms (D:8)
  A trapdoor spider (Spider:1)
  2 snapping turtles
  4 blink frogs
  A griffon skeleton (D:12)
  10 ugly things
  9 yaks
  2 hippogriffs
  5 wolves
  6 vampire mosquitoes
  A neqoxec (Abyss:1)
  2 water elementals
  The ghost of timbw the Cudgeler, an average HuSk (D:7)
  6 wargs (D:9)
  3 gargoyles
  A steam dragon (D:11)
  Edmund (D:4)
  A mottled dragon (D:13)
  18 orc warriors
  7 yellow wasps
  A phantom (D:14)
  4 ice beasts (IceCv)
  3 crocodiles
  A big kobold (D:9)
  2 centaurs
  3 giant frogs (D:9)
  A giant slug (Lair:2)
  A human skeleton (Vaults:1)
  A cyclops zombie (D:11)
  3 insubstantial wisps
  2 oklob saplings (D:8)
  A spectral centaur (Depths:2)
  4 crimson imps
  A quasit (D:11)
  A goliath beetle (D:12)
  A centaur zombie (D:12)
  A black bear zombie (D:7)
  An iron imp (D:11)
  2 hounds
  9 orc priests
  2 jellies
  A polar bear simulacrum (IceCv)
  2 worker ants
  8 orc wizards
  A human zombie (D:9)
  3 wolf simulacra (IceCv)
  A mottled dragon skeleton (D:12)
  2 mummies (D:11)
  3 green rats (Lair:7)
  4 white imps (IceCv)
  2 ufetubi
  A giant eyeball (D:7)
  A giant gecko (D:4)
  82 orcs
  A bat (D:7)
  2 goblins
  3 hobgoblins
  5 kobolds
  2 quokkas
  2 orc zombies
  A tentacle segment (Shoals:5)
399 creatures vanquished.

Vanquished Creatures (others)
  9 very ugly things
  2 skeletal warriors
  An ice devil (Orc:4)
  A hellion (IceCv)
  A griffon (Abyss:1)
  11 red wasps
  An elephant (Orc:4)
  A spiny frog (Abyss:1)
  An orange demon (D:11)
  3 vapours
  2 komodo dragons
  5 giant fireflies
  A sea snake skeleton (Shoals:1)
  3 polar bears
  A blue devil (D:13)
  A basilisk (Orc:4)
  A grizzly bear (Orc:4)
  8 ugly things
  4 humans (Spider:1)
  7 hogs (Vaults:1)
  A chaos spawn (Abyss:1)
  5 dancing weapons
  16 vampire mosquitoes
  3 soldier ants
  A merfolk skeleton (Shoals:5)
  16 yellow wasps
  4 black bears
  4 slaves (D:9)
  A snapping turtle skeleton (Shoals:5)
  A boring beetle (Orc:4)
  9 insubstantial wisps
  2 crimson imps
  12 hounds
  4 orange rats
  An iguana (Lair:5)
  24 sheep
  A shadow imp (D:9)
  A white imp (Shoals:5)
  6 ufetubi
  An orc (D:11)
  A kobold (D:13)
  A kobold skeleton (D:4)
  2 orc skeletons
  A butterfly (Shoals:5)
  12 fungi
  13 plants
  7 starspawn tentacles (Abyss:1)
  172 starspawn tentacle segments (Abyss:1)
  8 tentacles (Shoals:5)
  29 tentacle segments (Shoals:5)
423 creatures vanquished.

Grand Total: 2605 creatures vanquished

Notes
Turn   | Place    | Note
--------------------------------------------------------------
     0 | D:1      | Egon, the Felid Transmuter, began the quest for the Orb.
     0 | D:1      | Reached XP level 1. HP: 9/9 MP: 4/4
   394 | D:1      | Reached skill level 1 in Stealth
   429 | D:1      | Reached XP level 2. HP: 10/12 MP: 3/5
  1484 | D:2      | Noticed Jessica
  1678 | D:2      | Reached XP level 3. HP: 15/15 MP: 4/8
  1796 | D:2      | Killed Jessica
  2244 | D:2      | Noticed Crazy Yiuf
  2351 | D:3      | Reached XP level 4. HP: 17/19 MP: 9/11
  2956 | D:3      | Noticed a phantom
  5790 | D:3      | Reached XP level 5. HP: 2/22 MP: 12/12
  6530 | D:3      | Slain by a gnoll
  6531 | D:3      | Reached XP level 4. HP: -2/19 MP: 10/11
  6805 | D:4      | Reached XP level 5. HP: 5/23 MP: 13/13
  7237 | D:4      | Reached skill level 4 in Unarmed Combat
  7258 | D:4      | Noticed an ogre
  8130 | D:4      | Noticed Edmund
  8702 | D:4      | Noticed an ogre
  8735 | D:5      | Entered Level 5 of the Dungeon
  8806 | D:5      | Gained mutation: You are covered in thick fur (AC +2). [growing up]
  8806 | D:5      | Gained mutation: You can jump attack at a medium distance. [growing up]
  8806 | D:5      | Reached XP level 6. HP: 27/27 MP: 17/17
  8820 | D:4      | Killed an ogre
  8888 | D:5      | Noticed letownia's ghost (experienced NaAE)
 10515 | D:6      | Reached XP level 7. HP: 31/31 MP: 17/19
 10553 | D:6      | Found a bloodstained altar of Trog.
 10558 | D:6      | Found a basalt altar of Yredelemnul.
 10558 | D:6      | Found a deep blue altar of Sif Muna.
 10573 | D:6      | Paralysed by a giant eyeball for 4 turns
 11063 | D:6      | Reached skill level 5 in Dodging
 11114 | D:6      | Noticed Prince Ribbit
 11293 | D:6      | Found a staircase to the Ecumenical Temple.
 11298 | Temple   | Entered the Ecumenical Temple
 11449 | Temple   | Became a worshipper of Nemelex Xobeh
 12864 | D:3      | Killed a phantom
 12864 | D:3      | Reached skill level 5 in Stealth
 13937 | D:2      | Received a gift from Nemelex Xobeh
 14797 | D:2      | Killed Crazy Yiuf
 14822 | D:2      | Acquired Nemelex Xobeh's first power
 15572 | D:3      | Noticed a basilisk
 15596 | D:3      | Killed a basilisk
 15596 | D:3      | Reached skill level 1 in Evocations
 15596 | D:3      | Reached XP level 8. HP: 36/36 MP: 20/20
 15631 | D:3      | Acquired Nemelex Xobeh's second power
 15797 | D:3      | Reached skill level 5 in Unarmed Combat
 16318 | D:4      | Received a gift from Nemelex Xobeh
 16381 | D:4      | Killed Edmund
 16747 | D:4      | Killed an ogre
 17127 | D:5      | Acquired Nemelex Xobeh's third power
 17387 | D:5      | Received a gift from Nemelex Xobeh
 17415 | D:5      | Killed letownia's ghost
 17415 | D:5      | Reached skill level 6 in Dodging
 17894 | D:6      | Found a bloodstained altar of Trog.
 18075 | D:6      | Found a staircase to the Ecumenical Temple.
 18103 | D:6      | Found a basalt altar of Yredelemnul.
 18103 | D:6      | Found a deep blue altar of Sif Muna.
 18441 | D:6      | Received a gift from Nemelex Xobeh
 18451 | D:6      | Acquired Nemelex Xobeh's fourth power
 18454 | D:6      | Killed Prince Ribbit
 18454 | D:6      | Reached skill level 5 in Fighting
 18996 | D:7      | Paralysed by a giant eyeball for 2 turns
 19207 | D:7      | Noticed Eustachio
 19464 | D:7      | Killed Eustachio
 19464 | D:7      | Reached skill level 7 in Dodging
 19701 | D:7      | Reached XP level 9. HP: 40/40 MP: 22/22
 19740 | D:7      | Received a gift from Nemelex Xobeh
 19876 | D:6      | Upgraded the game from 0.14-a0-3294-g830ee6c to 0.14-a0-3295-g3fd807f
 20665 | Temple   | Received a gift from Nemelex Xobeh
 20733 | D:8      | Noticed Psyche
 20736 | D:8      | Acquired Nemelex Xobeh's fifth power
 20736 | D:8      | Killed Psyche
 20736 | D:8      | Reached skill level 8 in Stealth
 20736 | D:8      | Reached skill level 5 in Evocations
 21567 | D:8      | Noticed an unseen horror
 21648 | D:8      | Received a gift from Nemelex Xobeh
 21661 | D:8      | Killed an unseen horror
 21661 | D:8      | Reached skill level 9 in Stealth
 21661 | D:8      | Reached XP level 10. HP: 29/46 MP: 13/23
 22227 | D:8      | Noticed an elephant
 22765 | D:8      | Found a staircase to the Lair.
 22770 | D:8      | Noticed an elephant
 23412 | D:8      | Killed an elephant
 23868 | D:7      | Noticed timbw's ghost (average HuSk)
 24093 | D:8      | Received a gift from Nemelex Xobeh
 25501 | D:7      | Killed timbw's ghost
 25501 | D:7      | Reached skill level 10 in Stealth
 25734 | D:8      | Killed an elephant
 25735 | D:8      | Noticed an unseen horror
 25762 | D:8      | Killed an unseen horror
 25998 | D:8      | Noticed an elephant
 26009 | D:8      | Noticed a bone dragon
 26378 | D:7      | Received a gift from Nemelex Xobeh
 27703 | D:8      | Noticed a seven-headed hydra
 27708 | D:8      | Killed a seven-headed hydra
 27710 | D:8      | Reached skill level 10 in Dodging
 27757 | D:8      | Found a staircase to the Lair.
 27771 | D:8      | Killed an elephant
 28137 | Lair:1   | Entered Level 1 of the Lair of Beasts
 28285 | Lair:1   | Reached XP level 11. HP: 40/50 MP: 25/25
 28670 | Lair:1   | Received a gift from Nemelex Xobeh
 30076 | D:9      | Noticed Maurice
 30085 | D:9      | Received a gift from Nemelex Xobeh
 30095 | D:9      | Killed Maurice
 30314 | D:9      | Found Fyolool's Magic Scroll Shoppe.
 30322 | D:9      | Bought a scroll of identify for 26 gold pieces
 30353 | D:9      | Reached skill level 11 in Stealth
 30569 | D:9      | Received a gift from Nemelex Xobeh
 30600 | D:9      | Found a blossoming altar of Fedhas.
 30833 | D:9      | Noticed Pikel
 30840 | D:9      | Killed Pikel
 30944 | D:9      | Received a gift from Nemelex Xobeh
 32094 | D:9      | Received a gift from Nemelex Xobeh
 32722 | D:10     | Entered Level 10 of the Dungeon
 32867 | D:10     | Noticed a hill giant
 32871 | D:10     | Received a gift from Nemelex Xobeh
 32878 | D:10     | Noticed a hill giant
 32881 | D:10     | Killed a hill giant
 33134 | D:9      | Found Fyolool's Magic Scroll Shoppe.
 33179 | D:9      | Reached skill level 12 in Stealth
 33297 | D:9      | Found a blossoming altar of Fedhas.
 34280 | D:10     | Received a gift from Nemelex Xobeh
 34309 | D:10     | Noticed Erica
 34323 | D:10     | Killed Erica
 34323 | D:10     | Gained mutation: Your thick and shaggy fur keeps you warm (AC +3, rC+). [growing up]
 34323 | D:10     | Gained mutation: You can jump attack at a long distance. [growing up]
 34323 | D:10     | Reached XP level 12. HP: 57/57 MP: 23/27
 34371 | D:10     | Killed a hill giant
 34405 | D:10     | Found a portal to a secret trove of treasure.
 34777 | D:10     | Received a gift from Nemelex Xobeh
 35553 | D:11     | Received a gift from Nemelex Xobeh
 35832 | D:11     | Noticed a seven-headed hydra
 35837 | D:11     | Killed an eight-headed hydra
 35919 | D:11     | Found a staircase to the Orcish Mines.
 35942 | D:11     | Reached skill level 10 in Evocations
 35946 | D:11     | Received a gift from Nemelex Xobeh
 36381 | D:11     | Received a gift from Nemelex Xobeh
 37382 | D:11     | Found a staircase to the Orcish Mines.
 37864 | D:12     | Found a flagged portal.
 37885 | D:12     | Received a gift from Nemelex Xobeh
 37924 | D:12     | Found a labyrinth entrance.
 37932 | Lab      | Entered a labyrinth
 40000 | Lab      | Noticed a minotaur
 40033 | Lab      | Received a gift from Nemelex Xobeh
 40061 | Lab      | Killed a minotaur
 40085 | Lab      | Received a gift from Nemelex Xobeh
 40716 | D:8      | Found a blossoming altar of Fedhas.
 40804 | D:9      | Reached skill level 10 in Unarmed Combat
 41167 | D:12     | Received a gift from Nemelex Xobeh
 41182 | D:12     | Reached skill level 13 in Stealth
 41466 | D:12     | Gained mutation: You can translocate small distances at will. [helix card]
 41513 | D:12     | Reached XP level 13. HP: 60/64 MP: 29/29
 41580 | D:12     | Received a gift from Nemelex Xobeh
 41781 | D:12     | Received a gift from Nemelex Xobeh
 42046 | D:12     | Received a gift from Nemelex Xobeh
 43383 | D:13     | Paralysed by a giant eyeball for 2 turns
 44141 | D:13     | Received a gift from Nemelex Xobeh
 44232 | D:13     | Found a gate to the Vaults.
 45085 | D:13     | Received a gift from Nemelex Xobeh
 45425 | D:13     | Found Vidgh's Jewellery Shoppe.
 45638 | D:13     | Received a gift from Nemelex Xobeh
 45743 | D:13     | Reached XP level 14. HP: 49/69 MP: 30/30
 45945 | D:13     | Reached skill level 14 in Stealth
 46448 | D:14     | Received a gift from Nemelex Xobeh
 46571 | D:14     | Found a frozen archway.
 46580 | IceCv    | Entered an ice cave
 47375 | IceCv    | Found an ancient bone altar of Kikubaaqudgha.
 47738 | IceCv    | Received a gift from Nemelex Xobeh
 47869 | IceCv    | Upgraded the game from 0.14-a0-3295-g3fd807f to 0.14-a0-3315-g09e681a
 48578 | D:14     | Found a burning altar of Makhleb.
 48702 | D:14     | Received a gift from Nemelex Xobeh
 48914 | D:15     | Entered Level 15 of the Dungeon
 49273 | D:15     | Noticed Harold
 49387 | D:15     | Killed Harold
 50387 | D:15     | Received a gift from Nemelex Xobeh
 51887 | D:15     | Found a staircase to the Depths.
 52328 | D:15     | Reached skill level 15 in Stealth
 52363 | D:15     | Received a gift from Nemelex Xobeh
 54023 | Lair:2   | Received a gift from Nemelex Xobeh
 54822 | Lair:3   | XOM: summons friendly crimson imp
 54822 | Lair:3   | Received a gift from Nemelex Xobeh
 55385 | Lair:3   | Found a hole to the Spider Nest.
 55462 | Lair:3   | Received a gift from Nemelex Xobeh
 55967 | Lair:3   | Found a staircase to the Shoals.
 56498 | Lair:3   | Received a gift from Nemelex Xobeh
 56559 | Lair:3   | Gained mutation: You have a pair of small horns on your head. [helix card]
 56623 | Lair:3   | Reached XP level 15. HP: 73/76 MP: 31/31
 57101 | Lair:4   | Noticed Nergalle
 57126 | Lair:4   | Killed Nergalle
 57126 | Lair:4   | Reached XP level 16. HP: 58/80 MP: 32/32
 57350 | Lair:4   | Received a gift from Nemelex Xobeh
 57797 | Lair:4   | Received a gift from Nemelex Xobeh
 57828 | Lair:4   | Lost mutation: You have a pair of small horns on your head. [helix card]
 57861 | Lair:4   | Reached skill level 15 in Fighting
 57861 | Lair:4   | Reached skill level 15 in Unarmed Combat
 57870 | Lair:4   | Reached XP level 17. HP: 84/86 MP: 32/32
 57879 | Lair:4   | Gained mutation: You are somewhat resistant to further mutation. [helix card]
 58963 | Lair:5   | Received a gift from Nemelex Xobeh
 60205 | Lair:6   | Received a gift from Nemelex Xobeh
 60210 | Lair:6   | Reached skill level 15 in Dodging
 60256 | Lair:6   | Noticed Maud
 60290 | Lair:6   | Killed Maud
 60290 | Lair:6   | Reached skill level 16 in Unarmed Combat
 60428 | Lair:6   | Received a gift from Nemelex Xobeh
 61245 | Lair:6   | Received a gift from Nemelex Xobeh
 61980 | Lair:7   | Noticed Fannar
 61985 | Lair:7   | Killed Fannar
 62021 | Lair:7   | Received a gift from Nemelex Xobeh
 62553 | Lair:7   | Received a gift from Nemelex Xobeh
 62898 | Lair:8   | Entered Level 8 of the Lair of Beasts
 64356 | Lair:8   | Received a gift from Nemelex Xobeh
 64871 | Lair:8   | Reached XP level 18. HP: 90/90 MP: 33/33
 65021 | Lair:8   | Received a gift from Nemelex Xobeh
 65616 | Lair:8   | Received a gift from Nemelex Xobeh
 66053 | Lair:8   | Received a gift from Nemelex Xobeh
 66527 | Lair:8   | Received a gift from Nemelex Xobeh
 66753 | Lair:8   | Reached skill level 17 in Stealth
 67481 | Lair:8   | Received a gift from Nemelex Xobeh
 67983 | Lair:8   | Received a gift from Nemelex Xobeh
 68376 | Lair:8   | Found a staircase to the Slime Pits.
 68395 | Lair:8   | HP: 1/91 [acid (6)]
 68957 | Lair:1   | Learned a level 5 spell: Blade Hands
 68981 | Lair:1   | Learned a level 3 spell: Passwall
 69112 | Orc:1    | Entered Level 1 of the Orcish Mines
 69365 | Orc:1    | Received a gift from Nemelex Xobeh
 69500 | Orc:1    | Received a gift from Nemelex Xobeh
 69531 | Orc:1    | Received a gift from Nemelex Xobeh
 69838 | Orc:1    | Received a gift from Nemelex Xobeh
 70124 | Lair:1   | Learned a level 5 spell: Blade Hands
 70262 | D:13     | Bought a +0,+7 ring of slaying for 1329 gold pieces
 70262 | D:13     | Bought a +5 ring of protection for 605 gold pieces
 70588 | Orc:2    | Received a gift from Nemelex Xobeh
 70643 | Orc:2    | Noticed Snorg
 70659 | Orc:2    | Killed Snorg
 71161 | Orc:2    | Gained mutation: Your spells are a little harder to cast, but a little more powerful. [helix card]
 71161 | Orc:2    | Received a gift from Nemelex Xobeh
 71216 | Orc:3    | Upgraded the game from 0.14-a0-3315-g09e681a to 0.14-a0-3345-g9255d23
 71325 | Orc:3    | Reached skill level 5 in Transmutations
 71340 | Orc:3    | Received a gift from Nemelex Xobeh
 71592 | Orc:3    | Received a gift from Nemelex Xobeh
 71640 | Orc:3    | Received a gift from Nemelex Xobeh
 71749 | Orc:3    | Received a gift from Nemelex Xobeh
 72044 | Orc:4    | Entered Level 4 of the Orcish Mines
 72085 | Orc:4    | Received a gift from Nemelex Xobeh
 72127 | Orc:3    | Reached XP level 19. HP: 94/96 MP: 22/34
 72274 | Orc:4    | Received a gift from Nemelex Xobeh
 72561 | Orc:4    | Received a gift from Nemelex Xobeh
 72743 | Orc:4    | Received a gift from Nemelex Xobeh
 72823 | Orc:4    | Received a gift from Nemelex Xobeh
 72862 | Orc:4    | Received a gift from Nemelex Xobeh
 73212 | Orc:4    | Received a gift from Nemelex Xobeh
 73213 | Orc:4    | Found a roughly hewn altar of Beogh.
 73727 | Orc:4    | Received a gift from Nemelex Xobeh
 73898 | Orc:3    | Found an iron altar of Okawaru.
 74098 | Orc:4    | Received a gift from Nemelex Xobeh
 74115 | Orc:4    | Found a roughly hewn altar of Beogh.
 74138 | Orc:4    | Received a gift from Nemelex Xobeh
 74172 | Orc:4    | Received a gift from Nemelex Xobeh
 74237 | Orc:4    | Found Stiug's Assorted Antiques.
 74241 | Orc:4    | Bought a potion of heal wounds for 63 gold pieces
 74248 | Orc:4    | Found Zainuum's Jewellery Shop.
 74446 | Orc:4    | Received a gift from Nemelex Xobeh
 74668 | Orc:4    | Found a staircase to the Elven Halls.
 74951 | Orc:4    | Noticed Grum
 74972 | Orc:4    | Killed Grum
 75063 | Orc:4    | Received a gift from Nemelex Xobeh
 75506 | Orc:4    | Received a gift from Nemelex Xobeh
 75621 | Orc:4    | Received a gift from Nemelex Xobeh
 75639 | Orc:4    | Reached skill level 1 in Invocations
 75662 | Orc:4    | Received a gift from Nemelex Xobeh
 75704 | Orc:4    | Found Qaetalump's Jewellery Boutique.
 75788 | Orc:4    | Received a gift from Nemelex Xobeh
 75821 | Orc:4    | Bought an uncursed ring of protection from fire for 375 gold pieces
 76055 | Orc:4    | Received a gift from Nemelex Xobeh
 76187 | Orc:4    | Found Jasif's General Store.
 76197 | Orc:4    | Identified a scroll of acquirement
 76278 | Orc:4    | Received a gift from Nemelex Xobeh
 76607 | Lair:1   | Reached XP level 20. HP: 100/102 MP: 35/35
 76988 | Spider:1 | Entered Level 1 of the Spider Nest
 77018 | Spider:1 | Noticed Kirke
 77023 | Spider:1 | Received a gift from Nemelex Xobeh
 77037 | Spider:1 | Killed Kirke
 77037 | Spider:1 | Reached skill level 18 in Fighting
 77341 | Lair:3   | Reached XP level 21. HP: 104/106 MP: 31/36
 77778 | Shoals:1 | Entered Level 1 of the Shoals
 78128 | Shoals:1 | Received a gift from Nemelex Xobeh
 78199 | Shoals:1 | Noticed Donald
 78220 | Shoals:1 | Received a gift from Nemelex Xobeh
 78247 | Shoals:1 | Killed Donald
 78594 | Shoals:1 | Received a gift from Nemelex Xobeh
 78671 | Shoals:1 | Received a gift from Nemelex Xobeh
 79318 | Shoals:1 | Received a gift from Nemelex Xobeh
 79431 | Shoals:2 | Received a gift from Nemelex Xobeh
 79517 | Shoals:2 | Received a gift from Nemelex Xobeh
 79776 | Shoals:2 | Received a gift from Nemelex Xobeh
 80138 | Shoals:2 | Found Wiafrei's Antique Armour Shoppe.
 80168 | Bazaar   | Entered a bazaar
 80170 | Bazaar   | Found Bossorpha's Magic Scroll Boutique.
 80178 | Bazaar   | Found Zeoror's Food Shop.
 80182 | Bazaar   | Found Chyrgh's Food Emporium.
 80189 | Bazaar   | Found Thruafaxai's Assorted Antiques.
 80197 | Bazaar   | Bought a silver ring for 75 gold pieces
 80197 | Bazaar   | Bought a tubular pearl ring for 75 gold pieces
 80239 | Bazaar   | Bought a scroll of identify for 24 gold pieces
 80239 | Bazaar   | Bought a scroll of blinking for 90 gold pieces
 80270 | Shoals:2 | Gained mutation: You are dopey. (Int -2) [helix card]
 80573 | Shoals:3 | Received a gift from Nemelex Xobeh
 80838 | Shoals:3 | Reached skill level 10 in Transmutations
 80853 | Shoals:3 | Received a gift from Nemelex Xobeh
 81221 | Shoals:3 | Received a gift from Nemelex Xobeh
 81465 | Shoals:3 | Received a gift from Nemelex Xobeh
 81969 | Shoals:3 | Received a gift from Nemelex Xobeh
 82241 | Shoals:4 | Received a gift from Nemelex Xobeh
 82928 | Shoals:4 | Received a gift from Nemelex Xobeh
 83032 | Shoals:4 | Received a gift from Nemelex Xobeh
 83396 | Shoals:4 | Received a gift from Nemelex Xobeh
 83914 | Shoals:1 | Received a gift from Nemelex Xobeh
 84135 | Shoals:1 | Received a gift from Nemelex Xobeh
 84238 | Shoals:5 | Entered Level 5 of the Shoals
 84682 | Shoals:1 | Received a gift from Nemelex Xobeh
 85055 | Lair:1   | Learned a level 2 spell: Repel Missiles
 85248 | Shoals:1 | Reached skill level 1 in Charms
 85618 | Shoals:5 | Noticed runewalsh's ghost (mighty OpWz)
 85625 | Shoals:5 | Received a gift from Nemelex Xobeh
 85775 | Shoals:5 | Received a gift from Nemelex Xobeh
 85843 | Shoals:5 | Received a gift from Nemelex Xobeh
 85863 | Shoals:5 | Killed runewalsh's ghost
 85875 | Shoals:5 | Received a gift from Nemelex Xobeh
 86199 | Shoals:5 | Reached XP level 22. HP: 101/111 MP: 30/37
 86212 | Shoals:5 | Received a gift from Nemelex Xobeh
 86316 | Shoals:5 | Got a barnacled rune of Zot
 86529 | Shoals:5 | Received a gift from Nemelex Xobeh
 86688 | Shoals:5 | Received a gift from Nemelex Xobeh
 87070 | Shoals:5 | Reached skill level 19 in Fighting
 87085 | Shoals:5 | Received a gift from Nemelex Xobeh
 87253 | Shoals:5 | Identified Alistair's Collected Works on Toxins
 87314 | Shoals:5 | Received a gift from Nemelex Xobeh
 87328 | Shoals:5 | Noticed Ilsuiw
 87334 | Shoals:5 | Killed Ilsuiw
 87588 | Shoals:5 | Received a gift from Nemelex Xobeh
 88136 | Depths:1 | Entered Level 1 of the Depths
 88186 | Depths:1 | Received a gift from Nemelex Xobeh
 88225 | Depths:1 | Received a gift from Nemelex Xobeh
 88381 | Depths:1 | Noticed the Enchantress
 88398 | Depths:1 | Hit by a stone thrown by a spriggan defender
 88399 | Depths:1 | Reached XP level 21. HP: -5/108 MP: 14/37
 88411 | Depths:1 | HP: 1/108 [deep troll earth mage/blast of rock fragments (23)]
 88418 | Depths:1 | Killed from afar by a spriggan air mage
 88419 | Depths:1 | Reached XP level 20. HP: -18/104 MP: 28/36
 88428 | Depths:1 | Received a gift from Nemelex Xobeh
 88436 | Depths:1 | Killed the Enchantress
 89567 | D:15     | Received a gift from Nemelex Xobeh
 90176 | Depths:1 | Received a gift from Nemelex Xobeh
 90355 | Depths:1 | Received a gift from Nemelex Xobeh
 90590 | Depths:1 | Found a one-way gate leading to the halls of Pandemonium.
 90614 | Depths:1 | Received a gift from Nemelex Xobeh
 90803 | Depths:1 | Received a gift from Nemelex Xobeh
 90813 | Depths:1 | Received a gift from Nemelex Xobeh
 90841 | Depths:1 | Reached XP level 21. HP: 108/108 MP: 16/37
 91394 | Depths:1 | Received a gift from Nemelex Xobeh
 91396 | Depths:1 | Shuffle card: Str 9[9], Int 21[19], Dex 17[17]
 91417 | Depths:1 | Found a gateway to Hell.
 91884 | Depths:1 | Found a one-way gate leading to the halls of Pandemonium.
 91923 | Depths:1 | Found a gateway to Hell.
 92004 | Depths:1 | Received a gift from Nemelex Xobeh
 93159 | Depths:1 | Received a gift from Nemelex Xobeh
 93617 | Depths:2 | Reached skill level 20 in Fighting
 94224 | Depths:2 | Received a gift from Nemelex Xobeh
 94372 | Depths:2 | Received a gift from Nemelex Xobeh
 94549 | Vaults:1 | Entered Level 1 of the Vaults
 94760 | Vaults:1 | XOM: polymorph orc -> quokka
 94760 | Vaults:1 | Received a gift from Nemelex Xobeh
 94886 | Vaults:1 | Received a gift from Nemelex Xobeh
 95421 | Vaults:1 | Received a gift from Nemelex Xobeh
 96090 | Vaults:1 | Received a gift from Nemelex Xobeh
 96489 | Vaults:1 | Received a gift from Nemelex Xobeh
 96540 | Vaults:1 | Reached skill level 5 in Spellcasting
 96826 | Vaults:1 | Upgraded the game from 0.14-a0-3345-g9255d23 to 0.14-a0-3350-g14ab857
 96898 | Vaults:1 | Received a gift from Nemelex Xobeh
 97100 | Vaults:1 | Cast into the Abyss (drawing a card)
 97228 | Abyss:1  | Received a gift from Nemelex Xobeh
 98044 | Abyss:1  | Noticed an ancient lich
 98080 | Abyss:1  | Noticed an ancient lich
 98112 | Abyss:1  | Killed an ancient lich
 98160 | Abyss:1  | Killed an ancient lich
 98202 | Abyss:1  | Found an ancient bone altar of Kikubaaqudgha.
 98533 | Abyss:1  | Noticed an ancient lich
 98763 | Abyss:1  | Found a roughly hewn altar of Beogh.
 98789 | Abyss:1  | Reached XP level 22. HP: 112/112 MP: 37/37
 98807 | Abyss:1  | Received a gift from Nemelex Xobeh
 98844 | Abyss:1  | Killed from afar by an ancient lich

Action                   |  1- 3 |  4- 6 |  7- 9 | 10-12 | 13-15 | 16-18 | 19-21 | 22-24 || total
-------------------------+-------+-------+-------+-------+-------+-------+-------+-------++-------
Melee: Unarmed           |    95 |   271 |   388 |  1021 |   959 |  1065 |  1577 |   122 ||  5498
 Cast: Beastly Appendage |    25 |    63 |    53 |   139 |   139 |   119 |    40 |     2 ||   580
       Blade Hands       |       |       |       |       |       |       |    79 |    13 ||    92
       Repel Missiles    |       |       |       |       |       |       |     4 |     3 ||     7
       Passwall          |       |       |       |       |       |       |     2 |       ||     2
Invok: Draw One          |       |       |    43 |    97 |    99 |   143 |   416 |    58 ||   856
       Triple Draw       |       |       |       |       |     2 |    16 |    21 |       ||    39
 Abil: Jump Attack       |     6 |    10 |     7 |    22 |    21 |    35 |    46 |     7 ||   154
       Blink             |       |       |       |       |     1 |       |     1 |       ||     2
       End Transformatio |       |       |       |       |       |       |     1 |       ||     1
Evoke: Wand              |       |    12 |     1 |    12 |    17 |    18 |     2 |       ||    62
  Use: Scroll            |       |    11 |     5 |    13 |     4 |     4 |     8 |       ||    45
       Potion            |       |     2 |     2 |     2 |       |       |     2 |     2 ||    10
 Stab: Sleeping          |     1 |     4 |    10 |    31 |    23 |    49 |    44 |     8 ||   170
       Paralysed         |       |       |       |     3 |     2 |       |     1 |       ||     6
       Distracted        |       |       |       |     4 |     8 |    12 |    26 |     2 ||    52
       Confused          |       |       |       |     1 |       |       |       |       ||     1
       Invisible         |       |       |       |       |       |    25 |    13 |     2 ||    40
